 Dungeon Crawl Stone Soup version 0.22-b1-26-g9dbaab1 (webtiles) character file.

176 zishaf the Sneak (level 5, -10/39 HPs)
             Began as a Vampire Assassin on Aug 7, 2018.
             Mangled by an ogre
             ... wielding a +0 giant club
              (28 damage)
             ... on level 3 of the Dungeon.
             The game lasted 00:06:25 (2532 turns).

zishaf the Sneak (Vampire Assassin)                 Turns: 2532, Time: 00:06:25

Health: -10/39     AC:  4    Str: 11    XL:     5   Next: 30%
Magic:  5/5        EV: 13    Int: 14    God:
Gold:   236        SH:  0    Dex: 17    Spells: 4/4 levels left

rFire    . . .     SeeInvis +   v - +2 dagger (drain)
rCold    + . .     Gourm    .   (no shield)
rNeg     + + .     Faith    .   c - +0 robe
rPois    +         Spirit   .   a - +1 hat {SInv}
rElec    .         Reflect  .   d - +0 cloak
rCorr    .         Harm     .   (no gloves)
MR       .....                  (no boots)
Stlth    +++++.....             n - amulet of regeneration
HPRegen  0.26/turn              u - +2 ring of dexterity
MPRegen  0.09/turn              (no ring)

@: regenerating slowly
A: fangs 3, see invisible, unbreathing
a: Bat Form


You were on level 3 of the Dungeon.
You were near bloodless.

You visited 1 branch of the dungeon, and saw 3 of its levels.

You collected 236 gold pieces.

Inventory:

Hand Weapons
 b - a +0 blowgun
 v - a +2 dagger of draining (weapon)
Missiles
 e - 5 poisoned needles
 f - 2 curare-tipped needles
Armour
 a - a +1 hat of see invisible (worn)
 c - a +0 robe (worn)
 d - a +0 cloak (worn)
Jewellery
 n - an amulet of regeneration (around neck)
 o - an uncursed amulet of faith
 u - a +2 ring of dexterity (left hand)
Wands
 t - a wand of clouds (3)
Scrolls
 j - a scroll of fog {unknown}
 l - 4 scrolls of identify {unknown}
 r - 2 scrolls of remove curse {unknown}
 s - a scroll of teleportation {unknown}
Potions
 g - 27 potions of blood
 h - a potion of lignification {unknown}
 i - 4 potions of curing {unknown}
 k - a potion of agility {unknown}
 m - a potion of flight {unknown}
 p - 2 potions of degeneration {unknown}
 q - a potion of mutation {unknown}


   Skills:
 + Level 2.7 Fighting
 + Level 3.3 Short Blades
 + Level 2.4 Throwing
 + Level 2.6 Dodging
 + Level 6.9 Stealth


You had 4 spell levels left.
You didn't know any spells.
Your spell library was empty.

Dungeon Overview and Level Annotations

Branches:
Dungeon (3/15)

Altars:
Cheibriados
Vehumet


Innate Abilities, Weirdness & Mutations

You heal slowly.
You have razor-sharp teeth.
You have supernaturally acute eyesight. (SInv)
You can survive without breathing.


Message History

You hit the hobgoblin.
You kill the hobgoblin!
No target in view!
You now have 228 gold pieces (gained 9).
Things that are here:
a short sword; a kobold corpse You bottle the corpse's blood.
g - 27 potions of blood (gained 1)
You see here a short sword. x2
Found a radiant altar of Vehumet.
Found a scale mail.
p - 2 fizzy white potions (gained 1)
Found a ration.
You now have 236 gold pieces (gained 8).
An ogre is nearby!
The ogre hits you with a giant club!!
Ouch! That really hurt!
You barely miss the ogre. The ogre hits you with a giant club!!
Ouch! That really hurt!
You die...

#...#.............#..#....#
#.
..................#.>#.####
#. .[.####...(.......#
.#.########. #...........#
#.......##. #...........#
#######'##. ###.......###
.........#. #.#####.#
.........#. #.. #.#
.........#. ###. #@#
.........'. .......O#
.........## ........#
.........# .....(..#
.........# ........#
########## ........#
#######.# #.#


You could see an ogre.

Vanquished Creatures
  An orc wizard (D:3)
  3 gnolls (D:2)
  5 adders
  An ooze (D:2)
  4 dart slugs
  3 leopard geckos
  4 orcs (D:3)
  6 bats
  4 goblins
  9 hobgoblins
  6 jackals (D:2)
  A quokka (D:2)
  A ball python (D:2)
  6 kobolds
  3 rats
57 creatures vanquished.

Notes
Turn   | Place    | Note
-------+----------+-------------------------------------------
     0 | D:1      | zishaf the Vampire Assassin began the quest for the Orb.
     0 | D:1      | Reached XP level 1. HP: 16/16 MP: 1/1
   339 | D:1      | Reached skill level 6 in Stealth
   358 | D:1      | Reached XP level 2. HP: 20/22 MP: 2/2
   811 | D:2      | Found a snail-covered altar of Cheibriados.
   974 | D:2      | Reached XP level 3. HP: 27/27 MP: 3/3
  1406 | D:2      | Reached XP level 4. HP: 32/34 MP: 4/4
  2020 | D:3      | Noticed an ogre
  2296 | D:3      | Reached XP level 5. HP: 30/39 MP: 5/5
  2512 | D:3      | Found a radiant altar of Vehumet.
  2532 | D:3      | Mangled by an ogre

Skill      XL: |  1  2  3  4 |
---------------+-------------+-----
Stealth        | 6 |  6.9
Fighting       | 2 |  2.7
Throwing       | 2 |  2.4
Dodging        | 2 |  2.6
Short Blades   | 3 |  3.3

Action                   |  1- 3 |  4- 6 || total
-------------------------+-------+-------++-------
Melee: Dagger            |    75 |   122 ||   197
       Bite              |     9 |     5 ||    14
 Fire: Blowgun           |     9 |     3 ||    12
  Use: Potion            |       |     1 ||     1
 Stab: Sleeping          |     7 |     6 ||    13
Armor: Robe              |     7 |    23 ||    30
Dodge: Dodged            |    35 |    68 ||   103
